 Dungeon Crawl Stone Soup version 0.17-a0-1748-g222fba8 (webtiles) character file.

525 KambridgeKobold the Ducker (level 7, -2/70 HPs)
             Began as a High Elf Warper on Sept 1, 2015.
             Was an Initiate of Cheibriados.
             Slain by a wraith (7 damage)
             ... in an ossuary.
             The game lasted 00:24:40 (5238 turns).

KambridgeKobold the Ducker (High Elf Warper)        Turns: 5238, Time: 00:24:40

Health: -2/70      AC: 23    Str: 11    XL:     7   Next: 2%
Magic:  12/12      EV:  2    Int: 22    God:    Cheibriados [......]
Gold:   115        SH:  0    Dex: 18    Spells: 5 memorised, 1 level left

rFire  . . .     SeeInvis .     J - +1 great sword
rCold  . . .     Clarity  .     (armour currently unavailable)
rNeg   + + +     SustAt   .     (no shield)
rPois  +         Gourm    .     (helmet currently unavailable)
rElec  .         Spirit   .     (cloak currently unavailable)
rCorr  .         Warding  .     (gloves currently unavailable)
rMut   .         NoTele   +     (boots currently unavailable)
MR     .....                    (no amulet)
Stlth  ++........               F - +4 ring of intelligence
                                w - ring of flight

@: tree-form, slowed, very slow, not resistant to hostile enchantments,
unstealthy
A: no striking features
a: Bend Time, Renounce Religion


You were in an ossuary.
You worshipped Cheibriados.
Cheibriados was noncommittal.
You were hungry.
You were a tree.
You visited 2 branches of the dungeon, and saw 6 of its levels.
You also visited: Ossuary.

You collected 154 gold pieces.
You spent 39 gold pieces at shops.

Inventory:

Hand weapons
 a - a +0 short sword
 J - a +1 great sword (weapon)
Missiles
 e - 5 tomahawks of dispersal
 g - 129 stones (quivered)
 p - a throwing net
 C - 72 arrows
Armour
 b - a +0 leather armour (melded)
 l - a +0 ring mail
 z - a +2 hat (melded)
 L - a +0 cloak (melded)
Magical staves
 D - an uncursed staff of wizardry
Rods
 x - a cursed +0 rod of clouds (14/14)
   (You found it on level 2 of the Dungeon)
Jewellery
 w - a ring of flight (left branch)
 F - a +4 ring of intelligence (right branch)
 M - an uncursed ring of protection from fire
 Q - a +1 ring of evasion
Scrolls
 d - 5 scrolls of blinking
 k - 2 scrolls of remove curse {unknown}
 m - 2 scrolls of noise {unknown}
 n - a scroll of recharging {unknown}
 v - a scroll of magic mapping
 y - 2 scrolls of fog {unknown}
 A - 2 scrolls of random uselessness {unknown}
 H - a scroll of teleportation {unknown}
 K - a scroll of amnesia {unknown}
 O - 2 scrolls of enchant weapon
 P - a scroll of immolation {unknown}
Potions
 h - a potion of resistance {unknown}
 i - 2 potions of magic
 o - a potion of haste {unknown}
 q - a potion of lignification
 t - 3 potions of curing
 u - 2 potions of flight {unknown}
 E - a potion of berserk rage {unknown}
 G - a potion of mutation {unknown}
 I - a potion of heal wounds {unknown}
 R - a potion of cancellation {unknown}
Books
 c - a book of Spatial Translocations

   Spells                             Type                      Level
   a - Apportation                    Translocation                1
   b - Blink                          Translocation                2
   c - Shroud of Golubria             Charms/Translocation         2
   d - Portal Projectile              Translocation                3
   e - Teleport Other                 Translocation                3
   f - Passage of Golubria            Translocation                4
 j - a book of the Warp

   Spells                             Type                      Level
   a - Recall                         Summoning/Translocation      3
   b - Gell's Gravitas                Hexes/Translocation          3
   c - Force Lance                    Conjuration/Translocation    4
   d - Phase Shift                    Translocation                5
   e - Warp Weapon                    Charms/Translocation         5
   f - Summon Forest                  Summoning/Translocation      5
Comestibles
 f - 3 bread rations
 r - a royal jelly
 B - 2 beef jerkies
 N - a meat ration


   Skills:
 + Level 3.7 Fighting
 - Level 4.0(4.5) Short Blades
 + Level 2.9(4.0) Long Blades
 - Level 1.1 Throwing
 - Level 1.1 Armour
 + Level 5.2 Dodging
 - Level 3.2 Spellcasting
 - Level 4.1 Translocations


You had one spell level left.
You knew the following spells:

 Your Spells              Type           Power        Failure   Level  Hunger
a - Apportation           Tloc           ###.......   2%          1    None
b - Blink                 Tloc           N/A          4%          2    ##.....
c - Shroud of Golubria    Chrm/Tloc      ##........   10%         2    ##.....
d - Teleport Other        Tloc           ###.....     10%         3    ###....
e - Gell's Gravitas       Hex/Tloc       ##........   17%         3    ###....


Dungeon Overview and Level Annotations

Branches:
Dungeon (5/15)             Temple (1/1) D:4

Altars:
Ashenzari
Cheibriados
Elyvilon
Gozag
Kikubaaqudgha
Makhleb
Nemelex Xobeh
Okawaru
Qazlal
Ru
Sif Muna
Trog
Vehumet
Yredelemnul
Zin
The Shining One

Shops:
D:5 =

Annotations:
D:3 shakdrar's ghost, average VSMo Ossuary Alipheese's ghost, average NaTm


Message History

Your shroud bends the wraith's attack away.
The wraith hits you but does no damage.
You slash the wraith!
The wraith is almost destroyed.
Your shroud bends the wraith's attack away.
The wraith hits you but does no damage.
You closely miss the wraith.
The wraith is almost destroyed.
The wraith hits you!
* * * LOW HITPOINT WARNING * * *
Your shroud falls apart!
The wraith barely misses you.
You closely miss the wraith.
The wraith is almost destroyed.
The wraith hits you but does no damage. The wraith hits you.
* * * LOW HITPOINT WARNING * * *
You hit the wraith.
The wraith is almost destroyed.
The wraith hits you!
You die...

#.# #'# #.#
###.### #W▓.▓z#
###.### #.#
#######+#######
#.....♣W......#
#.'##.###.##'.#
#.#.#.#z#.#
#.###.###.# #..
... ... #.. ...
...
#.###.!/?.##
#.# #.??!.#z #.
!??.###


You could see a wraith.

Vanquished Creatures
  A wraith (Ossuary)
  2 vampire bats (D:4)
  A wight (Ossuary)
  An orc priest (D:5)
  A hound (D:4)
  Jessica (D:2)
  A giant frog skeleton (D:5)
  Natasha (twice) (D:2)
  3 adders
  4 oozes
  An adder zombie (Ossuary)
  A worm (D:3)
  A giant gecko (D:2)
  2 orcs (D:5)
  2 giant cockroaches
  10 hobgoblins
  2 jackals (D:4)
  14 kobolds
  A ball python (D:3)
  14 bats
  4 giant newts
  6 goblins
  2 hobgoblin skeletons (Ossuary)
  2 hobgoblin zombies (Ossuary)
  2 kobold zombies (Ossuary)
  An orc skeleton (Ossuary)
  An orc zombie (Ossuary)
  7 rats
90 creatures vanquished.

Notes
Turn   | Place    | Note
--------------------------------------------------------------
     0 | D:1      | KambridgeKobold the High Elf Warper began the quest for the Orb.
     0 | D:1      | Reached XP level 1. HP: 14/14 MP: 4/4
    62 | D:1      | Reached skill level 1 in Armour
    99 | D:1      | Reached XP level 2. HP: 17/19 MP: 4/6
   395 | D:1      | Learned a level 2 spell: Blink
   398 | D:1      | Learned a level 2 spell: Shroud of Golubria
   819 | D:1      | Reached XP level 3. HP: 13/24 MP: 8/8
  1334 | D:2      | Noticed Natasha
  1348 | D:2      | Killed Natasha
  1621 | D:2      | Reached XP level 4. HP: 29/29 MP: 6/9
  1697 | D:2      | Found a faded altar to an unknown god.
  1836 | D:2      | Noticed Natasha
  1864 | D:2      | Killed Natasha
  1869 | D:2      | Learned a level 3 spell: Teleport Other
  1931 | D:2      | Noticed Jessica
  1973 | D:2      | Killed Jessica
  1973 | D:2      | Reached skill level 4 in Translocations
  2371 | D:2      | Found an iron altar of Okawaru.
  2752 | D:3      | Noticed shakdrar's ghost (average VSMo)
  2982 | D:3      | Reached XP level 5. HP: 34/34 MP: 7/10
  4149 | D:4      | Reached skill level 1 in Long Blades
  4149 | D:4      | Reached XP level 6. HP: 38/41 MP: 11/11
  4285 | D:4      | Found a staircase to the Ecumenical Temple.
  4294 | Temple   | Entered the Ecumenical Temple
  4348 | Temple   | Became a worshipper of Cheibriados the Contemplative
  4389 | D:5      | Entered Level 5 of the Dungeon
  4414 | D:5      | Found a sand-covered staircase.
  4429 | D:5      | Found Jullei's Jewellery Shop.
  4453 | D:5      | Bought a +1 ring of evasion for 39 gold pieces
  4593 | Ossuary  | Entered an ossuary
  4593 | Ossuary  | Noticed Alipheese's ghost (average NaTm)
  5032 | Ossuary  | Noticed a wraith
  5032 | Ossuary  | Noticed a flying skull
  5041 | Ossuary  | Learned a level 3 spell: Gell's Gravitas
  5047 | Ossuary  | Noticed a flying skull
  5050 | Ossuary  | Noticed a wraith
  5066 | Ossuary  | Killed a wraith
  5066 | Ossuary  | Reached skill level 5 in Dodging
  5066 | Ossuary  | Reached XP level 7. HP: 21/47 MP: 10/12
  5191 | Ossuary  | Noticed a flying skull
  5219 | Ossuary  | Noticed a wraith
  5238 | Ossuary  | Slain by a wraith

Vault maps used:
D:1:      dpeg_arrival_arbitrary_b
D:2:      ecumenical_altar_2, okawaru_altar_gauntlet_db, uniq_jessica,
          uniq_natasha
D:3:      serial_glass, glass_columns_c, glass_columns_b
D:4:      minmay_temple_entry_poolview, roderic_batcave,
          kennysheep_cross_bottleneck
D:5:      kennysheep_mini_moat, xom_redecorated,
          lightli_ossuary_entry_decrepit_ruins, first_bread, serial_shops,
          shop_statue, basic_altar, kennysheep_generic_room_15
Temple:   nicolae_temple_x_marks_the_god_16
Ossuary:  ossuary_due_cavern

Action                   |  1- 3 |  4- 6 |  7- 9 || total
-------------------------+-------+-------+-------++-------
Melee: Short sword       |   118 |   200 |       ||   318
       Staff             |       |     7 |       ||     7
       Great sword       |       |    87 |    13 ||   100
Throw: Throwing net      |       |     1 |       ||     1
       Stone             |       |    12 |       ||    12
 Cast: Shroud of Golubri |     4 |    22 |     2 ||    28
       Teleport Other    |       |     6 |     4 ||    10
  Use: Scroll            |       |     5 |       ||     5
       Potion            |       |       |     1 ||     1
 Stab: Sleeping          |       |     2 |       ||     2
  Eat: Chunk             |     2 |    12 |       ||    14
       Pizza             |       |       |     1 ||     1
